 Dungeon Sprint DCSS version 0.23-a0-391-g8c51ad5 (webtiles) character file.

214 emperorscorpion the Covert (level 5, -3/25 HPs)
             Began as a Vine Stalker Enchanter on Oct 30, 2018.
             Was an Elder of Uskayaw.
             Slain by a wraith (8 damage)
             ... in the Dungeon (Sprint IX: "|||||||||||||||||||||||||||||").
             The game lasted 00:01:49 (361 turns).

emperorscorpion the Covert (Vine Stalker Enchanter)  Turns: 361, Time: 00:01:51

Health: -3/25      AC:  6    Str: 12    XL:     5   Next: 91%
Magic:  0/13       EV: 13    Int: 26    God:    Uskayaw [****..]
Gold:   0          SH:  0    Dex: 14    Spells: 6/13 levels left

rFire    . . .     SeeInvis +   a - +3 war axe of the Hero {flame, *Noise Int+8 SInv}
rCold    . . .     Gourm    .   (no shield)
rNeg     . . .     Faith    .   b - +0 robe
rPois    .         Spirit   +   s - +0 helmet
rElec    .         Reflect  .   r - +0 cloak
rCorr    .         Harm     .   (no gloves)
MR       .....     NoTele   +   (no boots)
Stlth    ++++......             (no amulet)
HPRegen  0.48/turn              u - +3 ring of intelligence
MPRegen  0.13/turn              v - +2 ring of protection

@: slowed, very slow
A: fangs 2, regeneration 1, magic shield, antimagic bite, no potion heal 3, rot
immunity
a: Stomp, Line Pass, Renounce Religion


You were in the Dungeon.
You worshipped Uskayaw.
Uskayaw was noncommittal.
You were not hungry.

You visited 1 branch

Inventory:

Hand Weapons
 a - the +3 war axe of the Hero (weapon) {flame, *Noise Int+8 SInv}
   (You found it in the Dungeon)

   It has been specially enchanted to burn those struck by it, causing extra
   injury to most foes and up to half again as much damage against particularly
   susceptible opponents.
   Big, fiery blades are also staple armaments of hydra-hunters.
   It affects your intelligence (+8).
   It lets you see invisible.
   It may make noises in combat.
 o - a +2 rapier of venom
 p - a +2 scimitar of electrocution
 q - a +1 dagger
Armour
 b - a +0 robe (worn)
 r - a +0 cloak (worn)
 s - a +0 helmet (worn)
 t - a +0 plate armour
Magical Staves
 n - an uncursed staff of energy
Jewellery
 u - a +3 ring of intelligence (left hand)
 v - a +2 ring of protection (right hand)
Wands
 m - a wand of acid (10)
Scrolls
 j - 2 scrolls of blinking
 k - 3 scrolls of remove curse
 l - 2 scrolls of amnesia
Potions
 e - 5 potions of curing
 f - 3 potions of heal wounds
 g - a potion of haste
 h - 4 potions of magic
 i - a potion of invisibility
Comestibles
 c - a chunk of flesh
 d - a ration


   Skills:
 + Level 1.4 Fighting
 - Level 1.4 Short Blades
 + Level 1.7 Axes
 + Level 3.3 Dodging
 + Level 9.2 Stealth
 + Level 4.7 Spellcasting
 + Level 7.7 Hexes


You had 6 spell levels left.
You knew the following spells:

 Your Spells              Type           Power        Failure   Level  Hunger
a - Corona                Hex            #####..      1%          1    None
b - Confuse               Hex            #####...     1%          3    ##.....
c - Tukima's Dance        Hex            #####...     1%          3    ##.....

Your spell library contained the following spells:

 Spells                   Type           Power        Failure   Level  Hunger
 Ensorcelled Hibernation  Hex/Ice        ####..       2%          2    None
 Dazzling Spray           Conj/Hex       ####..       4%          3    ##.....


Dungeon Overview and Level Annotations

Branches:
Dungeon (1/1)

Altars:
Cheibriados
Dithmenos
Elyvilon
Fedhas
Gozag
Hepliaklqana
Kikubaaqudgha
Makhleb
Nemelex Xobeh
Okawaru
Qazlal
Ru
Sif Muna
Trog
Uskayaw
Vehumet
Wu Jian
Xom
Yredelemnul
Zin
The Shining One
Beogh
Jiyva
Lugonu


Innate Abilities, Weirdness & Mutations

You have extremely sharp teeth.
Your natural rate of healing is unusually fast.
When hurt, damage is shared between your health and your magic reserves.
Your bite disrupts and absorbs the magic of your enemies.
Potions cannot restore your health.
You are immune to rotting.


Message History

The wraith is moderately damaged.
The wraith hits you. The wraith misses you.
You hit the wraith. You burn the wraith.
The wraith is moderately damaged.
The wraith hits you. The wraith drains your vigour!
You feel as though you will be slow longer.
The wraith hits you.
You hit the wraith. You burn the wraith. You bite the wraith, but do no damage.
The wraith is heavily damaged.
The wraith hits you but does no damage. The wraith closely misses you.
The wraith hits you but does no damage.
Uskayaw will force your foes to share their pain.
You hit the wraith. You burn the wraith.
The wraith is severely damaged.
The wraith hits you!
* * * LOW HITPOINT WARNING * * *
The wraith drains your vigour!
You feel as though you will be slow longer.
The wraith hits you!
You die... ▓▓▓▓▓▓▓▓▓▓▓▓▓▓▓▓▓▓▓▓▓▓▓ +..oZW@'.....)...'_____ ▓▓▓▓▓▓▓▓▓▓▓▓▓▓▓▓▓▓▓▓▓▓▓

You could see a wraith, an orc and a leopard gecko zombie.

Vanquished Creatures
  2 ogres (D)
  An adder (D)
  2 shadow imps (D)
  An adder skeleton (D)
  A dart slug (D)
  A bat (D)
  A bat skeleton (D)
  2 goblins (D)
  A kobold (D)
  A quokka (D)
13 creatures vanquished.

Notes
Turn   | Place    | Note
-------+----------+-------------------------------------------
     0 | D        | emperorscorpion the Vine Stalker Enchanter began the quest
                  | for the Orb.
     0 | D        | Reached XP level 1. HP: 9/9 MP: 4/4
     6 | D        | Reached skill level 4 in Stealth
    20 | D        | Reached XP level 2. HP: 3/13 MP: 1/6
   252 | D        | Noticed an ogre
   260 | D        | Killed an ogre
   260 | D        | Reached skill level 1 in Short Blades
   260 | D        | Reached skill level 7 in Stealth
   260 | D        | Reached XP level 3. HP: 5/16 MP: 1/9
   260 | D        | Gained mutation: Your natural rate of healing is unusually
                  | fast. [Vine Stalker growth]
   260 | D        | Reached XP level 4. HP: 7/21 MP: 1/11
   265 | D        | HP: 1/31 [shadow imp/nerve-wracking pain (8)]
   268 | D        | Reached XP level 5. HP: 1/24 MP: 2/12
   275 | D        | Found a roughly hewn altar of Beogh.
   275 | D        | Found a snail-covered altar of Cheibriados.
   275 | D        | Found a shadowy altar of Dithmenos.
   275 | D        | Found a white marble altar of Elyvilon.
   275 | D        | Found a blossoming altar of Fedhas.
   275 | D        | Found an opulent altar of Gozag.
   276 | D        | Found a hazy altar of Hepliaklqana.
   277 | D        | Found a viscous altar of Jiyva.
   278 | D        | Found an ancient bone altar of Kikubaaqudgha.
   279 | D        | Found a corrupted altar of Lugonu.
   280 | D        | Found a burning altar of Makhleb.
   281 | D        | Found a sparkling altar of Nemelex Xobeh.
   282 | D        | Found an iron altar of Okawaru.
   283 | D        | Found a stormy altar of Qazlal.
   284 | D        | Found a sacrificial altar of Ru.
   285 | D        | Found a deep blue altar of Sif Muna.
   286 | D        | Found a bloodstained altar of Trog.
   287 | D        | Found a hide-covered altar of Uskayaw.
   288 | D        | Found a radiant altar of Vehumet.
   289 | D        | Found an ornate altar of the Wu Jian Council.
   290 | D        | Found a shimmering altar of Xom.
   291 | D        | Found a basalt altar of Yredelemnul.
   292 | D        | Found a glowing silver altar of Zin.
   293 | D        | Found a glowing golden altar of the Shining One.
   295 | D        | Became a worshipper of Uskayaw the Reveler
   312 | D        | Got the +3 war axe of the Hero {flame, *Noise Int+8 SInv}
   318 | D        | Learned a level 3 spell: Confuse
   322 | D        | Learned a level 3 spell: Tukima's Dance
   344 | D        | Noticed a wraith
   344 | D        | Noticed an ogre
   348 | D        | Reached * piety under Uskayaw
   351 | D        | Reached ** piety under Uskayaw
   352 | D        | Reached *** piety under Uskayaw
   353 | D        | Killed an ogre
   353 | D        | Reached skill level 1 in Fighting
   353 | D        | Reached skill level 1 in Axes
   353 | D        | Reached skill level 9 in Stealth
   354 | D        | Reached **** piety under Uskayaw
   361 | D        | Slain by a wraith

Vault maps used:
D:        linesprint

Skill      XL: |  1  2  3  4  5 |
---------------+----------------+-----
Stealth        | 4 7 9 |  9.2
Dodging        | 2 3 |  3.3
Short Blades   | 1 |  1.4
Spellcasting   | 4 |  4.7
Hexes          | 6 7 |  7.7
Fighting       | 1 |  1.4
Axes           | 1 |  1.7

Action                   |  1- 3 |  4- 6 || total
-------------------------+-------+-------++-------
Melee: Dagger            |    22 |     6 ||    28
       Bite              |     7 |     6 ||    13
       War axe           |       |    15 ||    15
  Use: Potion            |     1 |       ||     1
 Stab: Sleeping          |       |     2 ||     2
       Paralysed         |       |     1 ||     1
Armor: Robe              |     1 |     3 ||     4
Dodge: Dodged            |     8 |    12 ||    20

Table legend:
 A = Non-vault XP
 B = Vault XP
 C = Vault XP percentage of total XP
 D = Non-vault monster count
 E = Vault monster count
 F = Vault count percentage of total count
                 A         B        C        D         E       F
            +---------+---------+-------+---------+---------+-------
      Total |       0 |     306 | 100.0 |       0 |      13 | 100.0
            +---------+---------+-------+---------+---------+-------
          D |       0 |     306 | 100.0 |       0 |      13 | 100.0
            +---------+---------+-------+---------+---------+-------
